 Dungeon Crawl Stone Soup version 0.28.0-45-g0d030f2227 (webtiles) character file.

Game seed: 3329373057804400300

39 protoss039 the Shield-Bearer (level 3, -10/30 HPs)
             Began as a Formicid Fighter on May 15, 2022.
             Mangled by an ogre
             ... wielding a +0 giant club
              (29 damage)
             ... on level 2 of the Dungeon.
             The game lasted 00:02:01 (1161 turns).

protoss039 the Shield-Bearer (Formicid Fighter)     Turns: 1161, Time: 00:02:02

Health: -10/30     AC:  7    Str: 22    XL:     3   Next: 70%
Magic:  3/3        EV:  9    Int:  7    God:
Gold:   52         SH:  4    Dex: 10    Spells: 2/2 levels left

rFire   . . .      SeeInvis +   a - +0 war axe
rCold   . . .      Faith    .   c - +0 buckler
rNeg    . . .      Spirit   .   b - +0 scale mail
rPois   .          Reflect  .   (helmet unavailable)
rElec   .          Harm     .   (no cloak)
rCorr   .          Rampage  .   (no gloves)
Will    .....                   (no boots)
Stlth   ..........              (no amulet)
HPRegen 0.10/turn               (no ring)
MPRegen 0.08/turn               (no ring)

@: no status effects
A: permanent stasis, dig shafts and tunnels, antennae 3, four strong arms
a: Dig, Shaft Self


You were on level 2 of the Dungeon.
You visited 1 branch of the dungeon, and saw 2 of its levels.

You collected 52 gold pieces.

Inventory:

Hand Weapons
 a - a +0 war axe (weapon)
Armour
 b - a +0 scale mail (worn)
 c - a +0 buckler (worn)
Scrolls
 e - a scroll of identify {unknown}
 f - a scroll of teleportation {unknown}
 h - a scroll of noise {unknown}
Potions
 d - a potion of might
 g - a potion of curing {unknown}


   Skills:
 + Level 3.7 Fighting
 + Level 2.5 Axes
 + Level 3.7 Armour
 + Level 4.1 Shields


You had 2 spell levels left.
You didn't know any spells.
Your spell library contained the following spells:

 Spells                   Type           Power      Damage    Failure   Level
 Corpse Rot               Necr/Air       0%         N/A       91%         2
 Ensorcelled Hibernation  Hex/Ice        0%         N/A       91%         2
 Passwall                 Tmut/Erth      0%         N/A       91%         2
 Dispel Undead            Necr           0%         3d6       100%        4
 Death Channel            Necr           0%         N/A       100%        6
 Swiftness                Air            Unusable   N/A       N/A         3

Dungeon Overview and Level Annotations

Branches:
Dungeon (2/15)

Altars:


Innate Abilities, Weirdness & Mutations

You cannot be hasted, slowed, berserked, paralysed or teleported.
You can dig through walls and to a lower floor.
You have a pair of large antennae on your head. (SInv)
Your four strong arms can wield two-handed weapons with a shield.


Message History

The ball python hisses angrily.
The ball python moves out of view.
A ball python and a goblin come into view.
The goblin shouts!
There are monsters nearby!
There are monsters nearby!
The ball python bites you but does no damage.
The ball python misses you.
The ball python bites you but does no damage.
The ball python misses you.
An ogre comes into view. It is wielding a +0 giant club.
The ogre shouts!
You hit the ball python.
You kill the ball python!
Unknown command.
Found 17 gold pieces.
The goblin hits you with a +0 dagger.
Unknown command.
You barely miss the goblin.
A rat comes into view.
The goblin barely misses you.
Unknown command.
Unknown command.
You completely miss the goblin. The goblin barely misses you.
The goblin hits you with a +0 dagger.
Unknown command.
Unknown command.
You hit the ogre.
The ogre is moderately wounded.
The ogre hits you but does no damage.
You slash the ogre!
The ogre is severely wounded.
The ogre hits you with a +0 giant club!
You hit the ogre.
The ogre is severely wounded.
The ogre barely misses you.
You hit the ogre but do no damage.
The ogre is severely wounded.
The ogre hits you with a +0 giant club!!
Ouch! That really hurt!
You die...

#.†....# #.#.##.#
#.#.##.# #...##.#
#.####.# #..
...##.####.# #
#.###...##......######
........##.###.......#
#.......## #@#####.#
#.#...#..... ##O##
..#.......# #.gr#
###......# #......#
.†....## #.......#
####...# #.........
#...# #.........#
#...# ##........#
#...# #.........#


You could see an ogre, a goblin and a rat.

Vanquished Creatures
  An adder (D:2)
  A worm (D:2)
  A dart slug (D:1)
  2 endoplasms (D:1)
  4 giant cockroaches
  2 goblins
  A hobgoblin (D:1)
  2 quokkas
  2 ball pythons
  2 bats
  4 kobolds
  4 rats
26 creatures vanquished.

Notes
Turn   | Place    | Note
-------+----------+-------------------------------------------
     0 | D:1      | protoss039 the Formicid Fighter began the quest for the
                  | Orb.
     0 | D:1      | Reached XP level 1. HP: 18/18 MP: 1/1
   231 | D:1      | Reached XP level 2. HP: 24/24 MP: 2/2
   639 | D:2      | Reached XP level 3. HP: 29/29 MP: 3/3
   868 | D:2      | Reached skill level 4 in Shields
  1151 | D:2      | Noticed an ogre
  1161 | D:2      | Mangled by an ogre

Illustrated notes

Levels and vault maps discovered:
D:1:      sevenhm_arrival_forest_fort_small_3, layout_loops_ring
D:2:      layout_loops_cross, ebering_ecumenical_altar_hall

Skill      XL: |  1  2  3 |
---------------+----------+-----
Shields        | 4 |  4.1
Fighting       | |  3.7
Axes           | |  2.5
Armour         | |  3.7

Action                   || total
-------------------------++-------
Melee: War axe           ||    80
Armor: Scale mail        ||    42
Dodge: Dodged            ||    36
Block: Buckler           ||    16
